 Dungeon Crawl Stone Soup version 0.22-a0-117-g314b907 (webtiles) character file.

57409 Firecrotchwizard the Destroyer (level 14, -12/86 HPs)
             Began as a Deep Elf Fire Elementalist on Jan 28, 2018.
             Was an Elder of Vehumet.
             Killed from afar by a fire dragon (28 damage)
             ... with a blast of flame
             ... on level 14 of the Dungeon on Jan 30, 2018.
             The game lasted 01:48:20 (31207 turns).

Firecrotchwizard the Destroyer (DEFE)              Turns: 31207, Time: 01:48:20

Health: -12/86     AC: 12    Str: 10    XL:     14   Next: 45%
Magic:  15/29      EV: 22    Int: 26    God:    Vehumet [****..]
Gold:   1273       SH:  4    Dex: 15    Spells: 4/31 levels left

rFire    + . .     SeeInvis +   b - +4 whip (elec)
rCold    . . .     Gourm    .   (no shield)
rNeg     . . .     Faith    .   N - +0 acid dragon scales
rPois    .         Spirit   .   x - +0 helmet
rElec    .         Reflect  +   l - +2 cloak
rCorr    +         Harm     .   G - +0 pair of gloves of the Illusory Wonders {Str+5} (curse)
MR       +....                  K - +0 pair of boots
Stlth    ++++......             y - +4 amulet of reflection
HPRegen  0.24/turn              R - +4 ring of evasion
MPRegen  0.21/turn              F - ring of Wahisit {SInv Stlth+}

@: sluggish, hasted
A: fire resistance 1, sense surroundings 1
a: Renounce Religion


You were on level 14 of the Dungeon.
You worshipped Vehumet.
Vehumet was greatly pleased with you.
You were not hungry.

You visited 3 branches of the dungeon, and saw 21 of its levels.

You collected 1474 gold pieces.
You spent 201 gold pieces at shops.

Inventory:

Hand Weapons
 a - the +3 sling "Punk" {acid, rCorr}
   (You found it on level 5 of the Dungeon)

   It protects you from acid and corrosion.
 b - a +4 whip of electrocution (weapon)
   (You took it off an orc on level 3 of the Dungeon)
 U - the +8 trident of the Octopus King {venom, rElec rPois MR+}
   (You found it on level 14 of the Dungeon)

   It poisons the flesh of those it strikes.
   It insulates you from electricity.
   It protects you from poison.
   It affects your resistance to hostile enchantments.
Missiles
 H - 83 sling bullets
 I - 2 throwing nets {=f, !d}
Armour
 l - a +2 cloak (worn)
   (You found it on level 1 of the Dungeon)
 x - a +0 helmet (worn)
   (You found it on level 3 of the Dungeon)
 G - the cursed +0 pair of gloves of the Illusory Wonders (worn) {Str+5}
   (You found it on level 12 of the Dungeon)

   It affects your strength (+5).
   It has a curse placed upon it.
 K - a +0 pair of boots (worn)
   (You found it on level 7 of the Dungeon)
 N - +0 acid dragon scales (worn)
   (You found it on level 14 of the Dungeon)
Jewellery
 f - an uncursed ring of ice {rC+, rF-}
   (You found it on level 3 of the Lair of Beasts)
 y - a +4 amulet of reflection (around neck)
   (You found it on level 5 of the Dungeon)
 z - the ring "Fool" {rN+ MR+ Str-5 Int+2}
   (You found it on level 2 of the Lair of Beasts)

   [ring of protection from magic]

   It affects your strength (-5).
   It affects your intelligence (+2).
   It protects you from negative energy.
   It affects your resistance to hostile enchantments.
 B - an uncursed ring of poison resistance {rPois, !d}
   (You found it on level 3 of the Lair of Beasts)
 F - the ring of Wahisit (right hand) {SInv Stlth+}
   (You acquired it on level 9 of the Dungeon)

   [ring of see invisible]

   It lets you see invisible.
   It makes you more stealthy.
 R - a +4 ring of evasion (left hand)
   (You found it on level 9 of the Dungeon)
Wands
 o - a wand of paralysis (12)
   (You found it on level 5 of the Lair of Beasts)
 u - a wand of random effects (58)
   (You took it off Ijyb on level 3 of the Dungeon)
 w - a wand of enslavement (9)
   (You took it off a goblin on level 3 of the Dungeon)
 E - a wand of acid (5)
   (You found it on level 5 of the Lair of Beasts)
 J - a wand of iceblast (16)
   (You bought it in a shop on level 6 of the Dungeon)
 L - a wand of flame (3)
   (You found it on level 7 of the Dungeon)
 M - a wand of clouds (1)
   (You found it on level 9 of the Dungeon)
 W - a wand of digging (30)
   (You found it on level 11 of the Dungeon)
Scrolls
 i - 3 scrolls of amnesia
 m - 5 scrolls of identify
 n - 8 scrolls of remove curse
 t - 2 scrolls of fear
 Q - 4 scrolls of magic mapping {!r}
 S - a scroll of vulnerability {!r!r}
 V - 2 scrolls of blinking {!r}
 X - 4 scrolls of teleportation
Potions
 d - 4 potions of lignification {!q}
 e - 5 potions of heal wounds
 g - 2 potions of agility
 j - a potion of might
 p - a potion of invisibility {unknown}
 q - a potion of haste
 r - 4 potions of mutation {!q}
 s - 3 potions of brilliance
 v - 3 potions of flight
 A - a potion of berserk rage {!q}
 C - 4 potions of curing
 O - 3 potions of ambrosia
Books
 k - a book of Conjurations {@e1}
   (You found it on level 12 of the Dungeon)
 P - a book of Air
   (You found it on level 8 of the Dungeon)
 Y - a book of Necromancy
   (You found it on level 11 of the Dungeon)
Miscellaneous
 D - a lamp of fire
   (You found it on level 12 of the Dungeon)
Comestibles
 c - 22 rations {@e1}


   Skills:
 + Level 9.0 Fighting
 - Level 3.0 Maces & Flails
 - Level 6.3 Slings
 + Level 11.2 Dodging
 - Level 7.2 Stealth
 - Level 9.2 Spellcasting
 - Level 14.5 Conjurations
 - Level 2.1 Charms
 - Level 2.0 Necromancy
 + Level 8.5 Fire Magic
 - Level 10.0 Evocations


You had 4 spell levels left.
You knew the following spells:

 Your Spells              Type           Power        Failure   Level  Hunger
a - Flame Tongue          Conj/Fire      #####        1%          1    None
b - Swiftness             Chrm/Air       ###.....     8%          2    None
c - Conjure Flame         Conj/Fire      ######..     1%          3    None
d - Dazzling Spray        Conj/Hex       #####.       1%          3    None
e - Bolt of Fire          Conj/Fire      ######....   3%          6    ######.
f - Fireball              Conj/Fire      ######....   1%          5    ####...
r - Regeneration          Chrm/Necr      ###.......   10%         3    None
s - Sticky Flame          Conj/Fire      ######..     1%          4    #......


Dungeon Overview and Level Annotations

Branches:
Dungeon (14/15)            Temple (1/1) D:4            Lair (6/6) D:8
 Shoals (0/4) Lair:3        Snake (0/4) Lair:4        Slime (0/5) Lair:6
    Orc (0/2) D:11
 Vaults: D:13-14

Altars:
Ashenzari
Cheibriados
Dithmenos
Elyvilon
Fedhas
Gozag
Hepliaklqana
Kikubaaqudgha
Makhleb
Nemelex Xobeh
Okawaru
Qazlal
Ru
Sif Muna
Trog
Uskayaw
Vehumet
Wu Jian
Xom
Yredelemnul
Zin
The Shining One
Jiyva

Shops:
D:6 *   D:10 [   D:13 *

Annotations:
D:2 exclusion: adder
D:3 exclusion: ice beast
D:7 1 runed door
D:12 exclusion: 2 killer bees
D:14 Frances


Innate Abilities, Weirdness & Mutations

Your flesh is heat resistant. (rF+)
You passively map a small area around you.


Message History

Here: a yaktaur (resting)
The floor.
Okay, then.
The floor.
Aim: a yaktaur (resting)
You miscast Bolt of Fire.
You are very lightly contaminated with residual magic.
The air around you burns with energy!
You now have 23/29 mp.
Aim: a yaktaur (resting)
The bolt of fire hits the yaktaur.
You kill the yaktaur!
Vehumet accepts your kill.
You feel your power returning.
You now have 19/29 mp.
You start resting.
Your magical contamination has completely faded away.
You regained 9 mp, and now have 28/29 mp.
You may need something to eat soon, looking for food.
Can't find anything matching that.
Okay, then.
A shadow wraith comes into view.
MP restored: 29 Unknown command.
Aim: a shadow wraith (slightly transparent, resting)
The flame tongue hits the shadow wraith.
The shadow wraith appears unharmed.
The shadow wraith gives a chilling moan.
You hear a shout!
You hear a deafening roar!
You now have 28/29 mp.
Aim: a shadow wraith (slightly transparent)
The flame tongue hits the shadow wraith.
You now have 27/29 mp.
Aim: a shadow wraith (lightly damaged, slightly transparent)
The flame tongue hits the shadow wraith.
You now have 26/29 mp.
Aim: a shadow wraith (moderately damaged, slightly transparent)
The sticky flame hits the shadow wraith.
The shadow wraith hits you but does no damage.
You now have 22/29 mp.
The +3 sling "Punk" {acid, rCorr} stops oozing corrosive slime.
You hear the crackle of electricity.
b - a +4 whip of electrocution (weapon)
You closely miss the shadow wraith.
The shadow wraith completely misses you.
A vault guard comes into view. It is wielding a war axe.
You hit the shadow wraith but do no damage.
Lightning courses through the shadow wraith!
The shadow wraith hits you! The shadow wraith drains your vigour!
You feel yourself slow down.
You take 16 damage, and have 68/84 hp.
The fireball explodes!
The fireball engulfs the shadow wraith.
You destroy the shadow wraith!
Vehumet accepts your kill.
Your Fighting skill increases to level 9!
The fireball engulfs the vault guard.
You hear a deafening roar!
You hear two shouts!
You regained 2 hp, and now have 70/86 hp.
You now have 18/29 mp.
Aim: a vault guard, wielding a war axe, wearing a plate armour and wearing a shield (lightly wounded)
The sticky flame hits the vault guard.
The vault guard is covered in liquid flames!
The vault guard burns! x2
The vault guard hits you with a war axe.
You take 1 damage, and have 69/86 hp.
You now have 15/29 mp.
The vault guard blocks your attack.
The vault guard burns!
The vault guard hits you with a war axe.
You take 4 damage, and have 65/86 hp.
The vault guard blocks your attack.
The vault guard burns! x2
The vault guard stops burning.
The vault guard hits you with a war axe!
A fire dragon comes into view.
You take 8 damage, and have 57/86 hp.
The vault guard blocks your attack.
The vault guard hits you with a war axe.
You take 2 damage, and have 55/86 hp.
Aim: a vault guard, wielding a war axe, wearing a plate armour and wearing a shield (heavily wounded)
The spray of energy hits the vault guard.
The vault guard hits you with a war axe.
The vault guard closely misses you.
You take 1 damage, and have 54/86 hp.
You now have 13/29 mp.
You feel quick. You block the fire dragon's attack. The fire dragon claws you.
The fire dragon completely misses you. The vault guard completely misses you.
You take 4 damage, and have 50/86 hp.
You now have 11/29 mp.
The fire dragon breathes flames at you. The blast of flame hits you!
You resist.
You take 15 damage, and have 35/86 hp.
You feel yourself speed up.
You start to feel a little slower.
You feel sluggish.
You feel yourself speed up. The fire dragon breathes flames at you.
The blast of flame hits you! You resist.
* * * LOW HITPOINT WARNING * * *
You take 22 damage, and have 15/86 hp.
MASSIVE DAMAGE!!
You start to feel a little faster.
The fire dragon breathes flames at you. The blast of flame hits you!
You resist.
You die...

..# #...##........<..............
..# #..[##..###.####.............
..# #...##..# #.# #....#######..
..# #...##..# #.# #....# #.. ..#
#...##..# #.## #....#######.. ..#
#...##..###..###.............
..###...##......^..#.#######<....
...................#.# #.....
.............###@#.#.# #...##
......####...# #...#.# #...#
...>..# #...# ##..#.# #...#
###...# #...# #..#.# #...# #...#
#...# #..#.# #...## #...#
#...#####D#.#######..... #...#
#....D.................. #...#
#....p.................. #...#
#.########..############


You could see a fire dragon.

Vanquished Creatures
  3 dire elephants
  A catoblepas (Lair:6)
  5 hydras
  An anaconda (Lair:6)
  A centaur warrior (D:13)
  2 death knights (D:13)
  3 death yaks
  A two-headed ogre (D:11)
  A two-headed ogre (shapeshifter) (D:12)
  A tengu warrior (D:12)
  A shadow wraith (D:14)
  2 skeletal warriors
  The ghost of filfer the Skirmisher, a novice HuMo (D:8)
  2 unseen horrors (D:12)
  Pikel (D:4)
  3 ugly things
  2 deep elf magi (D:14)
  11 elephants
  8 black mambas
  7 centaur zombies
  6 spiny frogs
  A gargoyle (D:12)
  2 freezing wraiths (D:13)
  A redback zombie (D:14)
  4 komodo dragons
  A merfolk (Lair:3)
  3 trolls
  A yaktaur (shapeshifter) (D:14)
  A tengu conjurer (D:12)
  5 polar bears
  20 blink frogs
  7 hippogriffs
  2 shadows
  A wraith (D:13)
  40 yaks
  2 vampires
  4 basilisks
  2 hungry ghosts
  A vampire mosquito (D:12)
  A soldier ant (D:13)
  4 nagas (Lair:4)
  8 water moccasins
  An acid dragon (D:14)
  10 porcupines
  A necrophage (D:11)
  2 sky beasts
  10 orc warriors
  4 black bears
  5 phantoms
  2 ice beasts
  An eye of draining (D:8)
  3 ogres
  10 wolves
  11 centaurs
  5 crocodiles
  3 big kobolds
  17 bullfrogs
  A wyvern skeleton (D:10)
  2 scorpions
  8 killer bees
  4 electric eels
  7 wights
  4 howler monkeys
  The ghost of Calypsia the Grave Robber, a weakling DsNe (D:3)
  5 crimson imps
  3 jellies
  10 orc priests
  5 hounds
  12 orc wizards
  4 centaur skeletons
  A gnoll shaman (D:7)
  Natasha (twice) (D:4)
  Ijyb (D:3)
  5 worker ants
  4 hound skeletons
  14 gnolls
  13 adders
  4 shadow imps
  2 oozes
  3 adder skeletons
  4 worms
  A dart slug (D:5)
  5 leopard geckos
  52 orcs
  2 ball pythons (D:3)
  9 bats
  2 giant cockroaches (D:1)
  16 goblins
  12 hobgoblins
  9 jackals
  A quokka (D:12)
  3 frilled lizards
  15 kobolds
  A quokka zombie (D:5)
  10 rats
  2 fungi (Lair:6)
  4 plants
522 creatures vanquished.

Vanquished Creatures (others)
  A slave (D:4)
  An orc priest (D:4)
  Natasha (D:4)
  2 orcs (D:4)
  A bush (Lair:6)
  43 fungi
  13 plants
62 creatures vanquished.

Grand Total: 584 creatures vanquished

Notes
Turn   | Place    | Note
-------+----------+-------------------------------------------
     0 | D:1      | Firecrotchwizard the Deep Elf Fire Elementalist began the quest for the Orb.
     0 | D:1      | Reached XP level 1. HP: 10/10 MP: 6/6
   187 | D:1      | Found a sparkling altar of Nemelex Xobeh.
   470 | D:1      | Reached skill level 2 in Conjurations
   633 | D:1      | Reached XP level 2. HP: 15/15 MP: 4/8
  1469 | D:2      | Reached XP level 3. HP: 19/19 MP: 2/9
  1580 | D:2      | Learned a level 3 spell: Conjure Flame
  1714 | D:2      | Reached skill level 3 in Conjurations
  1956 | D:2      | Found a shattered altar of Ashenzari.
  2000 | D:2      | Reached skill level 4 in Fire Magic
  2074 | D:2      | Reached XP level 4. HP: 7/24 MP: 2/10
  2076 | D:2      | HP: 6/24 [poisoned by an adder]
  2082 | D:2      | HP: 4/24 [poisoned by an adder]
  2089 | D:1      | HP: 3/24 [poisoned by an adder]
  2692 | D:2      | Reached skill level 4 in Conjurations
  2808 | D:2      | Found an ancient bone altar of Kikubaaqudgha.
  3050 | D:3      | Noticed Calypsia's ghost (weakling DsNe)
  3056 | D:3      | Killed Calypsia's ghost
  3056 | D:3      | Reached XP level 5. HP: 19/28 MP: 4/11
  3154 | D:3      | Learned a level 4 spell: Sticky Flame
  4106 | D:3      | Reached skill level 5 in Conjurations
  4251 | D:3      | Found a faded altar of an unknown god.
  4320 | D:3      | Reached skill level 5 in Fire Magic
  4460 | D:3      | Noticed Ijyb
  4468 | D:3      | Killed Ijyb
  4532 | D:3      | Found a glowing silver altar of Zin.
  4532 | D:3      | Found a white marble altar of Elyvilon.
  4532 | D:3      | Found a glowing golden altar of the Shining One.
  4547 | D:3      | Noticed an ice beast
  4745 | D:4      | Reached XP level 6. HP: 32/32 MP: 10/12
  4811 | D:4      | Noticed Natasha
  4816 | D:4      | Killed Natasha
  4845 | D:4      | Found a hazy altar of Hepliaklqana.
  4964 | D:4      | Reached skill level 6 in Conjurations
  4964 | D:4      | Reached skill level 6 in Fire Magic
  5247 | D:4      | Reached XP level 7. HP: 36/36 MP: 10/13
  5293 | D:4      | Found a staircase to the Ecumenical Temple.
  5305 | Temple   | Entered the Ecumenical Temple
  5519 | D:4      | Found a sacrificial altar of Ru.
  5530 | D:4      | Found an ornate altar of the Wu Jian Council.
  5608 | D:4      | Noticed Pikel
  5621 | D:4      | Killed Pikel
  5621 | D:4      | Reached skill level 7 in Conjurations
  5621 | D:4      | Reached skill level 7 in Fire Magic
  5819 | D:4      | Reached XP level 8. HP: 35/41 MP: 14/14
  6091 | D:4      | Noticed Natasha
  6097 | D:4      | Killed Natasha
  6202 | D:4      | Killed Natasha
  6269 | D:5      | Entered Level 5 of the Dungeon
  6337 | D:5      | Learned a level 5 spell: Fireball
  6482 | D:5      | HP: 8/41 [centaur (8)]
  6776 | D:5      | Found the +3 sling "Punk" {acid, rCorr}
  6847 | D:5      | Reached skill level 8 in Conjurations
  6847 | D:5      | Reached skill level 8 in Fire Magic
  7381 | D:6      | Reached skill level 3 in Dodging
  7414 | D:6      | Reached skill level 1 in Fighting
  7489 | D:6      | Found Virinwea's Assorted Antiques.
  7497 | D:6      | Bought a tapered fluorescent wand for 124 gold pieces
  7668 | D:6      | You fall through a shaft!
  7719 | D:7      | Found a runed door.
  7758 | D:7      | Reached skill level 2 in Fighting
  7758 | D:7      | Reached skill level 4 in Dodging
  8043 | D:7      | Reached skill level 5 in Dodging
  8057 | D:7      | Reached skill level 3 in Fighting
  8434 | D:7      | Reached XP level 9. HP: 51/51 MP: 15/15
  8639 | D:7      | Reached skill level 6 in Dodging
  8668 | D:7      | Found a blossoming altar of Fedhas.
  8684 | D:7      | Reached skill level 4 in Fighting
  9321 | D:8      | Reached skill level 7 in Dodging
  9484 | D:8      | Noticed filfer's ghost (novice HuMo)
  9495 | D:7      | Noticed a rust devil
  9495 | D:7      | Noticed a rust devil
  9512 | D:7      | HP: 13/52 [rust devil (4)]
  9521 | D:7      | Gained mutation: You passively map a small area around you. [potion of mutation]
  9521 | D:7      | Gained mutation: Your flesh is heat resistant. (rF+) [potion of mutation]
  9884 | D:8      | Reached skill level 5 in Fighting
  9902 | D:8      | Reached skill level 8 in Dodging
 10216 | D:8      | Found a staircase to the Lair.
 10286 | D:8      | Reached skill level 9 in Dodging
 10300 | D:8      | Reached skill level 6 in Fighting
 10423 | D:8      | Noticed a troll
 10437 | D:8      | Killed a troll
 10437 | D:8      | Reached XP level 10. HP: 41/60 MP: 7/16
 11090 | D:8      | Found a radiant altar of Vehumet.
 11217 | D:8      | Found a bloodstained altar of Trog.
 11252 | D:8      | Became a worshipper of Vehumet
 11336 | D:9      | Reached skill level 10 in Dodging
 11526 | D:9      | Identified a scroll of acquirement
 11527 | D:9      | Got a fine bone ring
 11529 | D:9      | Identified the ring of Wahisit {SInv Stlth+} (You acquired it on level 9 of the Dungeon)
 11704 | D:9      | Reached skill level 3 in Stealth
 11816 | D:9      | Reached skill level 7 in Fighting
 12197 | D:10     | Entered Level 10 of the Dungeon
 12203 | D:10     | You fall through a shaft for 3 floors!
 12210 | D:13     | Reached skill level 4 in Stealth
 12275 | D:12     | Reached * piety under Vehumet
 12275 | D:12     | Offered knowledge of Sandblast by Vehumet.
 12311 | D:11     | Found a staircase to the Orcish Mines.
 12377 | D:11     | Reached skill level 5 in Stealth
 12461 | D:10     | Reached skill level 6 in Stealth
 12819 | D:10     | Found Jinwyuckoi's Antique Armour Shoppe.
 12828 | D:10     | Bought an embroidered robe for 77 gold pieces
 13532 | D:8      | Killed filfer's ghost
 13532 | D:8      | Reached skill level 8 in Fighting
 13532 | D:8      | Reached skill level 7 in Stealth
 13594 | Lair:1   | Entered Level 1 of the Lair of Beasts
 13709 | Lair:1   | Noticed a spiny frog
 13717 | Lair:1   | Killed a spiny frog
 13717 | Lair:1   | Reached skill level 1 in Maces & Flails
 13717 | Lair:1   | Reached XP level 11. HP: 68/68 MP: 11/17
 13765 | Lair:1   | Got a distressingly furry leather armour
 13769 | Lair:1   | Identified the +3 leather armour of the Equator {*Drain rElec rN+} (You found it on level 1 of the Lair of Beasts)
 13920 | Lair:1   | Noticed a five-headed hydra
 13933 | Lair:1   | Killed a five-headed hydra
 13933 | Lair:1   | Reached skill level 2 in Maces & Flails
 14122 | Lair:1   | Reached skill level 9 in Conjurations
 14410 | Lair:1   | Reached skill level 3 in Maces & Flails
 14440 | Lair:1   | Reached ** piety under Vehumet
 14882 | Lair:1   | Offered knowledge of Freeze by Vehumet.
 14882 | Lair:1   | Reached skill level 1 in Slings
 15410 | Lair:2   | Noticed a five-headed hydra
 15415 | Lair:2   | Killed a five-headed hydra
 15415 | Lair:2   | Reached skill level 2 in Slings
 15434 | Lair:2   | Reached skill level 10 in Conjurations
 15736 | Lair:2   | Reached skill level 3 in Slings
 15881 | Lair:2   | Got a wavering lead ring
 15883 | Lair:2   | Identified the ring "Fool" {rN+ MR+ Str-5 Int+2} (You found it on level 2 of the Lair of Beasts)
 16336 | Lair:2   | Reached skill level 4 in Slings
 16723 | Lair:3   | Reached skill level 11 in Conjurations
 17186 | Lair:3   | Reached XP level 12. HP: 59/73 MP: 12/18
 17267 | Lair:3   | Reached skill level 5 in Slings
 17759 | Lair:3   | Found a staircase to the Shoals.
 18432 | Lair:4   | Found a staircase to the Snake Pit.
 18587 | Lair:4   | Noticed a dire elephant
 18629 | Lair:4   | Reached skill level 12 in Conjurations
 18647 | Lair:4   | Reached skill level 6 in Slings
 18871 | Lair:4   | Noticed a dire elephant
 18921 | Lair:3   | Reached skill level 4 in Spellcasting
 18926 | Lair:3   | Learned a level 2 spell: Swiftness
 19034 | Lair:3   | Killed a dire elephant
 19034 | Lair:3   | Reached skill level 2 in Charms
 19203 | Lair:4   | Reached skill level 5 in Spellcasting
 19262 | Lair:4   | Offered knowledge of Throw Frost by Vehumet.
 19520 | Lair:4   | Noticed a dire elephant
 19557 | Lair:4   | Killed a dire elephant
 19557 | Lair:4   | Reached skill level 6 in Spellcasting
 19557 | Lair:4   | Reached skill level 2 in Evocations
 19748 | Lair:4   | Killed a dire elephant
 19748 | Lair:4   | Reached skill level 3 in Evocations
 20488 | Lair:4   | Reached skill level 13 in Conjurations
 20704 | Lair:4   | HP: 17/73 [electric eel/bolt of electricity (5)]
 21479 | Lair:5   | Reached skill level 4 in Evocations
 21541 | Lair:5   | Reached *** piety under Vehumet
 21554 | Lair:5   | Reached XP level 13. HP: 54/78 MP: 6/25
 21865 | Lair:5   | Reached skill level 7 in Spellcasting
 22108 | Lair:5   | Reached skill level 5 in Evocations
 22203 | Lair:5   | You fall through a shaft!
 22203 | Lair:6   | Entered Level 6 of the Lair of Beasts
 22791 | Lair:6   | Found a staircase to the Slime Pits.
 22791 | Lair:6   | Found a viscous altar of Jiyva.
 22821 | Lair:6   | Offered knowledge of Dazzling Spray by Vehumet.
 23199 | Lair:6   | Reached skill level 6 in Evocations
 23410 | Lair:5   | HP: 11/78 [death yak (22)]
 23412 | Lair:5   | Reached skill level 8 in Spellcasting
 23977 | Lair:6   | Reached skill level 7 in Evocations
 24700 | Lair:6   | Reached skill level 8 in Evocations
 24742 | Lair:6   | Noticed a dire elephant
 24742 | Lair:6   | Noticed a dire elephant
 24753 | Lair:6   | Noticed a dire elephant
 24757 | Lair:6   | HP: 18/78 [dire elephant (3)]
 24781 | Lair:6   | Noticed a dire elephant
 24792 | Lair:6   | Noticed a dire elephant
 25219 | D:9      | Learned a level 3 spell: Dazzling Spray
 25223 | D:9      | Learned a level 3 spell: Regeneration
 25885 | D:11     | Reached **** piety under Vehumet
 26349 | D:11     | Got a pair of ancient gloves
 26360 | D:11     | Identified the cursed +0 pair of gloves of the Saviour {rN++ MR++ Str-4} (You found it on level 11 of the Dungeon)
 26447 | D:12     | Reached skill level 14 in Conjurations
 26447 | D:12     | Reached skill level 9 in Evocations
 26454 | D:12     | Offered knowledge of Bolt of Draining by Vehumet.
 26459 | D:12     | HP: 18/78 [eight-headed hydra (13)]
 27107 | D:12     | Reached skill level 10 in Evocations
 27320 | D:12     | Learned a level 5 spell: Bolt of Draining
 27454 | D:12     | Reached skill level 1 in Necromancy
 27480 | D:12     | Reached XP level 14. HP: 84/84 MP: 26/28
 27525 | D:12     | Got a pair of dazzling gloves
 27533 | D:12     | Identified the cursed +0 pair of gloves of the Illusory Wonders {Str+5} (You found it on level 12 of the Dungeon)
 27583 | D:12     | Reached skill level 2 in Necromancy
 27592 | D:12     | Reached skill level 9 in Spellcasting
 28552 | D:13     | Reached ***** piety under Vehumet
 28664 | D:13     | Offered knowledge of Bolt of Fire by Vehumet.
 28832 | D:13     | Found Penel's Assorted Antiques.
 29289 | D:13     | Learned a level 6 spell: Bolt of Fire
 30062 | D:14     | Noticed Frances
 30116 | D:14     | Reached skill level 11 in Dodging
 30558 | D:14     | Found the +8 trident of the Octopus King {venom, rElec rPois MR+}
 30877 | D:14     | Upgraded the game from 0.22-a0-113-gdd6f4a9 to 0.22-a0-117-g314b907
 31179 | D:14     | Reached skill level 9 in Fighting
 31200 | D:14     | HP: 15/86 [fire dragon/blast of flame (23)]
 31207 | D:14     | Killed from afar by a fire dragon

Vault maps used:
D:1:      dpeg_arrival_round_c, corexii_leaking_fountain,
          nemelex_xobeh_ov_fountains_minmay
D:2:      cheibrodos_helix_gallery, old_standard_altar, kiku_gazebo_pond_becter
D:3:      good_gods_mini_temple, chequers_ecumenical_altar_lobes, uniq_ijyb
D:4:      kennysheep_mini, kennysheep_mini_moat, old_standard_altar,
          minmay_temple_entry_glassed_door, amethyst_killhole,
          minmay_misc_feat_ornament, minivault_4, uniq_pikel, uniq_natasha
D:5:      first_ration, minmay_checkerbox
D:6:      serial_shops, nicolae_shop_overgrown_old_shop
D:7:      cheibrodos_iron_armory, grunt_ogre_cave, fedhas_altar_fruit_tree,
          uniq_crazy_yiuf_cottage
D:8:      minmay_bloctagon, vehumet_crystals, due_lair_maze_entry_diamond,
          trog_book
D:9:      st_stairs_10
D:10:     serial_shops, nicolae_shop_statue_plus
D:11:     minmay_goldmine, orc_0_dummy
D:12:     minmay_the_grid_octo_2x2
D:13:     enter_bailey_7, serial_shops,
          nicolae_shop_temple_entry_statues_fountains, kennysheep_doodads
D:14:     david_vaults_4, uniq_frances
Temple:   nicolae_temple_figure_eight
Lair:1:   beast_lair_carwin_10, grunt_megastairs_1, serial_bayou_shore_a,
          infiniplex_staircase_pool
Lair:3:   elwin_shoals_entry_rooms
Lair:4:   beast_lair_carwin_large_3, minmay_snake_entry_guardpost_medium,
          serial_bayou_lagoon_a, st_stairs_11
Lair:5:   nicolae_quartered_pool_super, infiniplex_staircase_pool_2
Lair:6:   due_jungle_book, slime_altar_1, cheibrodos_lair_lostbears,
          lemuel_fruit_tree, grunt_megastairs_3

Skill      XL: |  1  2  3  4  5  6  7  8  9 10 11 12 13 14 |
---------------+-------------------------------------------+-----
Conjurations   | 2 3 4 5 6 7 8 11 13 14 | 14.5
Fire Magic     | 4 5 6 7 8 |  8.5
Dodging        | 5 9 10 11 | 11.2
Fighting       | 3 6 8 9 |  9.0
Stealth        | 7 |  7.2
Maces & Flails | 1 3 |  3.0
Slings         | 4 6 |  6.3
Spellcasting   | 6 8 9 |  9.2
Charms         | 2 |  2.1
Evocations     | 4 10 | 10.0
Necromancy     | 1 2 |  2.0

Action                   |  1- 3 |  4- 6 |  7- 9 | 10-12 | 13-15 || total
-------------------------+-------+-------+-------+-------+-------++-------
Melee: Dagger            |     6 |       |       |       |       ||     6
       Whip              |     6 |    65 |    95 |   258 |   317 ||   741
 Fire: Fustibalus        |       |       |   110 |   262 |   287 ||   659
 Cast: Flame Tongue      |    76 |    91 |    98 |    86 |    48 ||   399
       Conjure Flame     |     2 |     3 |     5 |     5 |     2 ||    17
       Sticky Flame      |       |     1 |    11 |    81 |    73 ||   166
       Fireball          |       |       |     2 |       |     9 ||    11
       Swiftness         |       |       |       |       |     2 ||     2
       Bolt of Draining  |       |       |       |       |    16 ||    16
       Bolt of Fire      |       |       |       |       |     8 ||     8
       Regeneration      |       |       |       |       |     4 ||     4
       Dazzling Spray    |       |       |       |       |     1 ||     1
Evoke: Wand              |       |       |     6 |     2 |    21 ||    29
  Use: Scroll            |       |       |    15 |    11 |    10 ||    36
       Potion            |       |       |     3 |     1 |     4 ||     8
 Stab: Sleeping          |       |       |     2 |       |       ||     2
       Confused          |       |       |       |     1 |       ||     1
  Eat: Chunk             |     3 |     7 |    16 |    18 |    15 ||    59
       Ration            |       |     1 |     1 |     9 |     7 ||    18
Armor: Robe              |     9 |    28 |    20 |    32 |    48 ||   137
       Acid dragon scale |       |       |       |       |     1 ||     1
Dodge: Dodged            |    33 |    56 |   136 |   309 |   321 ||   855
Block: Other             |       |       |    24 |    55 |    57 ||   136
       Reflection        |       |       |     1 |     1 |     7 ||     9

Table legend:
 A = Spawn XP
 B = Non-spawn XP
 C = Spawn XP percentage of total XP
 D = Spawn monster count
 E = Non-spawn monster count
 F = Spawn count percentage of total count
 G = Total turns spent on level
                    A         B        C        D         E        F      G
               +---------+---------+-------+---------+---------+-------+---------
         Total |       0 |   82013 |   0.0 |       0 |     516 |   0.0 | 31207
               +---------+---------+-------+---------+---------+-------+---------
           D:1 |       0 |      30 |   0.0 |       0 |      20 |   0.0 |  1712
           D:2 |       0 |     128 |   0.0 |       0 |      27 |   0.0 |  1598
           D:3 |       0 |     254 |   0.0 |       0 |      34 |   0.0 |  1511
           D:4 |       0 |    1130 |   0.0 |       0 |      21 |   0.0 |  1373
           D:5 |       0 |     219 |   0.0 |       0 |      11 |   0.0 |   907
           D:6 |       0 |     243 |   0.0 |       0 |       6 |   0.0 |   366
           D:7 |       0 |    1254 |   0.0 |       0 |      31 |   0.0 |  1722
           D:8 |       0 |    4286 |   0.0 |       0 |      60 |   0.0 |  2367
           D:9 |       0 |     930 |   0.0 |       0 |      13 |   0.0 |   904
          D:10 |       0 |    1140 |   0.0 |       0 |      11 |   0.0 |   791
          D:11 |       0 |    3369 |   0.0 |       0 |      30 |   0.0 |  1474
          D:12 |       0 |   12159 |   0.0 |       0 |      44 |   0.0 |  1688
          D:13 |       0 |    9416 |   0.0 |       0 |      51 |   0.0 |  1867
          D:14 |       0 |    4694 |   0.0 |       0 |      19 |   0.0 |  1128
        Lair:1 |       0 |    4663 |   0.0 |       0 |      18 |   0.0 |  1807
        Lair:2 |       0 |    4923 |   0.0 |       0 |      12 |   0.0 |  1438
        Lair:3 |       0 |    6678 |   0.0 |       0 |      21 |   0.0 |  1865
        Lair:4 |       0 |    9838 |   0.0 |       0 |      31 |   0.0 |  2709
        Lair:5 |       0 |    6321 |   0.0 |       0 |      31 |   0.0 |  2386
        Lair:6 |       0 |   10338 |   0.0 |       0 |      25 |   0.0 |  1393
               +---------+---------+-------+---------+---------+-------+---------

Vault maps used:
D:1:      dpeg_arrival_round_c, corexii_leaking_fountain,
          nemelex_xobeh_ov_fountains_minmay
D:2:      cheibrodos_helix_gallery, old_standard_altar, kiku_gazebo_pond_becter
D:3:      good_gods_mini_temple, chequers_ecumenical_altar_lobes, uniq_ijyb
D:4:      kennysheep_mini, kennysheep_mini_moat, old_standard_altar,
          minmay_temple_entry_glassed_door, amethyst_killhole,
          minmay_misc_feat_ornament, minivault_4, uniq_pikel, uniq_natasha
D:5:      first_ration, minmay_checkerbox
D:6:      serial_shops, nicolae_shop_overgrown_old_shop
D:7:      cheibrodos_iron_armory, grunt_ogre_cave, fedhas_altar_fruit_tree,
          uniq_crazy_yiuf_cottage
D:8:      minmay_bloctagon, vehumet_crystals, due_lair_maze_entry_diamond,
          trog_book
D:9:      st_stairs_10
D:10:     serial_shops, nicolae_shop_statue_plus
D:11:     minmay_goldmine, orc_0_dummy
D:12:     minmay_the_grid_octo_2x2
D:13:     enter_bailey_7, serial_shops,
          nicolae_shop_temple_entry_statues_fountains, kennysheep_doodads
D:14:     david_vaults_4, uniq_frances
Temple:   nicolae_temple_figure_eight
Lair:1:   beast_lair_carwin_10, grunt_megastairs_1, serial_bayou_shore_a,
          infiniplex_staircase_pool
Lair:3:   elwin_shoals_entry_rooms
Lair:4:   beast_lair_carwin_large_3, minmay_snake_entry_guardpost_medium,
          serial_bayou_lagoon_a, st_stairs_11
Lair:5:   nicolae_quartered_pool_super, infiniplex_staircase_pool_2
Lair:6:   due_jungle_book, slime_altar_1, cheibrodos_lair_lostbears,
          lemuel_fruit_tree, grunt_megastairs_3

Table legend:
 A = Turns spent in this place as a percentage of turns spent in the entire game.
 B = Non-inter-level travel turns spent in this place as a percentage of non-inter-level travel turns spent in the entire game.
 C = Inter-level travel turns spent in this place as a percentage of turns spent in this place.
 D = Turns resting spent in this place as a percentage of non-inter-level travel turns spent in this place.
 E = Turns spent auto-exploring this place as a percentage of non-inter-level travel turns spent in this place.
 F = Non-inter-level travel turns spent in this place divided by the number of levels of this place that you've seen.
                   A       B       C       D       E      F
               +-------+-------+-------+-------+-------+----------------------
         Total | 100.0 | 100.0 |   4.6 |  37.8 |  44.2 | 1417.4
       Dungeon |  62.2 |  62.0 |   4.9 |  34.5 |  46.5 | 1318.5
        Temple |   0.6 |   0.6 |   6.0 |   0.0 |  98.9 | 189.0
          Lair |  37.2 |  37.3 |   4.1 |  43.8 |  39.4 | 1852.8
               +-------+-------+-------+-------+-------+----------------------

Table legend:
 A = Kills in this place as a percentage of kills in entire the game.
 B = Kills by you in this place as a percentage of kills by you in the entire game.
 C = Kills by friends in this place as a percentage of kills by friends in the entire game.
 D = Other kills in this place as a percentage of other kills in the entire game.
 E = Experience gained in this place as a percentage of experience gained in the entire game.
 F = Experience gained in this place divided by the number of levels of this place that you have seen.
                   A       B       C       D       E      F
               +-------+-------+-------+-------+-------+----------------------
         Total | 100.0 | 100.0 |   N/A | 100.0 | 100.0 | 3905.4
       Dungeon |  73.3 |  73.2 |   N/A | 100.0 |  47.9 | 2803.7
          Lair |  26.7 |  26.8 |   N/A |   0.0 |  52.1 | 7126.8
               +-------+-------+-------+-------+-------+----------------------
